AoeStats
← JEFRYY

Arabia

510683420Analyzed
1v1 RM · 14h ago on Oct 2, 2026· 41m 59s· 2 players
Game mode
Random Map
Map size
Tiny (2 player)
Population
200
Speed
Normal
Resources
Standard
Victory
Conquest
Starting age
Dark Age
Ending age
Imperial Age
RankedLock teamsTeams togetherTeam positionsShared explorationLock speedFull tech treeHidden civsTurbo modeCheats
Victory
Defeat
🇫🇷 Wei · France
1086
+15
🇦🇷 Lithuanians · Argentina
1068
-15
JEFRYY
6:45 Loom
9:07 Feudal Age
9:53 Double-Bit Axe
18:06 Wheelbarrow
22:48 Castle Age
21:02 Fletching
22:06 Bloodlines
23:11 Scale Barding Armor
22:58 Horse Collar
23:39 Bodkin Arrow
25:07 Light Cavalry
25:58 Padded Archer Armor
26:46 Bow Saw
27:05 Elite Skirmisher
30:19 Leather Archer Armor
35:32 Pikeman
41:21 Scale Mail Armor
41:32 Forging
Jonah
6:52 Loom
9:15 Feudal Age
9:49 Double-Bit Axe
13:11 Horse Collar
20:56 Wheelbarrow
23:06 Castle Age
21:11 Gold Mining
21:33 Fletching
22:02 Scale Mail Armor
22:08 Padded Archer Armor
22:05 Stone Mining
23:11 Bloodlines
23:59 Wheelbarrow
24:28 Bow Saw
24:38 Bodkin Arrow
25:11 Heavy Plow
28:03 Leather Archer Armor
28:11 Husbandry
30:31 Gold Shaft Mining
30:51 Hand Cart
31:41 Scale Barding Armor
32:20 Ballistics
34:41 Forging
34:52 Chain Barding Armor
36:19 Iron Casting
37:12 Thumb Ring
38:16 Town Watch
41:39 Tuntian
Connection lost

Rejoining the realm…

Still unreachable

The connection could not be restored.

Session expired

The server has moved on; the page needs a fresh start.